 Dungeon Crawl Stone Soup version 0.20.1-1-g8b1a95d (webtiles) character file.

434 Targos the Caller (level 7, -4/48 HPs)
             Began as a Human Summoner on Sept 4, 2017.
             Was a Follower of Lugonu.
             Slain by a slave (12 damage)
             ... led by Pikel
             ... on level 4 of the Dungeon on Sept 5, 2017.
             The game lasted 01:27:17 (3783 turns).

Targos the Caller (Human Summoner)                  Turns: 3783, Time: 01:27:18

Health: -4/48      AC: 12    Str: 11    XL:     7   Next: 20%
Magic:  2/13       EV:  9    Int: 15    God:    Lugonu [*.....]
Gold:   150        SH:  0    Dex: 13    Spells: 1/14 levels left

rFire    + . .     SeeInvis .   a - +4 quarterstaff (chaos)
rCold    . . .     Gourm    .   (shield currently unavailable)
rNeg     . . .     Faith    .   t - +3 scale mail {rF+}
rPois    .         Spirit   .   p - +0 helmet
rElec    .         Reflect  .   y - +0 cloak
rCorr    .         Harm     .   z - +0 pair of gloves
MR       .....                  (no boots)
Stlth    +.........             (no amulet)
Regen    0.2/turn               (no ring)
MPRegen  0.2/turn               (no ring)

@: very slightly contaminated
A: no striking features
a: Depart the Abyss, Renounce Religion


You were on level 4 of the Dungeon.
You worshipped Lugonu.
Lugonu was aware of your devotion.
You were not hungry.

You visited 1 branch of the dungeon, and saw 4 of its levels.
You visited the Abyss 1 time.

You collected 150 gold pieces.

Inventory:

Hand Weapons
 a - a +4 quarterstaff of chaos (weapon)
 b - a +0 hunting sling
 n - a +0 dagger of protection
 q - a +3 dagger
 v - a +0 trident of distortion
Missiles
 r - 42 stones (quivered)
 x - 12 sling bullets
Armour
 p - a +0 helmet (worn)
 t - a +3 scale mail of fire resistance (worn)
 y - a +0 cloak (worn)
 z - a +0 pair of gloves (worn)
Jewellery
 i - an uncursed ring of teleportation
Scrolls
 d - a scroll of recharging
 e - a scroll of fog
 g - 5 scrolls of teleportation
 m - 3 scrolls of remove curse
 s - a scroll of fear {unknown}
Potions
 h - 3 potions of curing
 j - 2 potions of agility {unknown}
 l - a potion of brilliance {unknown}
 o - 2 potions of invisibility
 w - a potion of heal wounds {unknown}
Books
 f - a book of Callings

   Spells                             Type                      Level
   a - Summon Small Mammal            Summoning                    1
   b - Call Imp                       Summoning                    2
   c - Call Canine Familiar           Summoning                    3
   d - Summon Guardian Golem          Hexes/Summoning              3
   e - Summon Lightning Spire         Summoning/Air                4
   f - Summon Ice Beast               Ice/Summoning                4
Comestibles
 c - 3 bread rations


   Skills:
 + Level 1.5 Fighting
 - Level 0.2 Staves
 + Level 0.4 Slings
 + Level 2.2 Armour
 + Level 2.6 Dodging
 + Level 2.3 Stealth
 + Level 4.0 Spellcasting
 + Level 5.7 Summonings
 + Level 0.4 Invocations


You had one spell level left.
You knew the following spells:

 Your Spells              Type           Power        Failure   Level  Hunger
a - Summon Small Mammal   Summ           ###.         10%         1    None
b - Call Imp              Summ           ###.....     14%         2    ##.....
c - Call Canine Familiar  Summ           ###.....     28%         3    ###....
d - Summon Guardian Gole  Hex/Summ       ##......     67%         3    ###....
e - Summon Ice Beast      Ice/Summ       ##......     97%         4    ####...


Dungeon Overview and Level Annotations

Branches:
Dungeon (4/15)
 Temple: D:4-7

Altars:

Annotations:
D:4 Pikel


Message History

Your crimson imp hits the slave.
The slave hits your crimson imp!
Your crimson imp hits the slave but does no damage.
Pikel barely misses you.
Your crimson imp completely misses the slave.
Pikel hits your crimson imp with a whip of flaming.
Your crimson imp blinks!
Your crimson imp hits the slave.
Pikel cracks his whip.
You hit the slave.
The slave goes berserk!
The slave is lightly wounded.
The slave hits you! The slave misses your crimson imp.
Your crimson imp barely misses the slave.
The slave hits you!
* * * LOW HITPOINT WARNING * * *
Pikel hits your crimson imp with a whip of flaming.
The slave hits your crimson imp!
Your crimson imp blinks!
Okay, then.
The slave hits you!
You die...

..'...#........# #........
..##..#........##########........
############.................####
...# #.................#... ...#
#...>.............'... ...#
#.................#... ...#
##############....#... ...#
#.......p....#....#..# ...#
#5...@pKpp...#....#### ...#
##....####...#....# # ..##
#....####ยง.5#....# ###
#............'....#
##...........#....#
#...........#....#
#...........#.......
#......##...#........ .p..
###'#........


You could see Pikel, 4 slaves and a friendly crimson imp.

Vanquished Creatures
  An orc priest (D:3)
  Crazy Yiuf (D:3)
  2 hounds (D:4)
  An orc wizard (D:4)
  5 adders
  A dart slug (D:1)
  A leopard gecko (D:3)
  4 orcs
  3 bats
  A giant cockroach (D:3)
  3 goblins (D:2)
  2 hobgoblins
  A quokka (D:2)
  3 frilled lizards
  A kobold (D:2)
  4 rats
34 creatures vanquished.

Vanquished Creatures (collateral kills)
  The ghost of torrenera the Firebug, an amateur DrFE (D:4)
  An ogre (D:4)
  A hound (D:4)
  Terence (D:2)
  Robin (D:2)
  3 adders
  2 worms
  4 dart slugs
  A leopard gecko (D:3)
  4 orcs
  A bat (D:3)
  2 giant cockroaches
  12 goblins
  9 hobgoblins
  A quokka (D:2)
  5 frilled lizards
  5 kobolds
  A leopard gecko skeleton (D:4)
  5 rats
60 creatures vanquished.

Grand Total: 94 creatures vanquished

Notes
Turn   | Place    | Note
-------+----------+-------------------------------------------
     0 | D:1      | Targos the Human Summoner began the quest for the Orb.
     0 | D:1      | Reached XP level 1. HP: 13/13 MP: 3/3
     0 | D:1      | Long Blades
     0 | D:1      | Shield
     1 | D:1      | Sling
     1 | D:1      | Transloc
   387 | D:1      | Reached XP level 2. HP: 19/19 MP: 3/5
   419 | D:1      | Learned a level 2 spell: Call Imp
   961 | D:1      | Reached XP level 3. HP: 14/24 MP: 3/6
   966 | D:1      | Learned a level 3 spell: Call Canine Familiar
  1283 | D:2      | Noticed Robin
  1293 | D:2      | Killed Robin
  1388 | D:2      | Noticed Terence
  1401 | D:2      | Killed Terence
  1401 | D:2      | Reached XP level 4. HP: 31/31 MP: 1/7
  1472 | D:2      | Reached skill level 5 in Summonings
  2396 | D:3      | Reached XP level 5. HP: 36/36 MP: 5/9
  2680 | D:3      | Found a runed door.
  2684 | D:3      | Noticed Crazy Yiuf
  2736 | D:3      | Killed Crazy Yiuf
  2736 | D:3      | Reached skill level 1 in Fighting
  2746 | D:3      | Cast into level 1 of the Abyss (a distortion unwield)
  2746 | Abyss:1  | Found a corrupted altar of Lugonu.
  2766 | Abyss:1  | Noticed a tentacled starspawn
  2785 | Abyss:1  | Noticed a neqoxec
  2789 | Abyss:1  | Noticed a wretched star
  2790 | Abyss:2  | Found a corrupted altar of Lugonu.
  2810 | Abyss:2  | Became a worshipper of Lugonu the Unformed
  2810 | Abyss:2  | Reached * piety under Lugonu
  2817 | D:3      | Escaped the Abyss
  2834 | D:3      | Learned a level 3 spell: Summon Guardian Golem
  2891 | D:3      | Found a faded altar of an unknown god.
  3122 | D:3      | Reached skill level 1 in Armour
  3122 | D:3      | Reached XP level 6. HP: 39/43 MP: 10/10
  3485 | D:4      | Noticed torrenera's ghost (amateur DrFE)
  3507 | D:4      | Killed torrenera's ghost
  3507 | D:4      | Reached XP level 7. HP: 16/48 MP: 4/12
  3664 | D:4      | Learned a level 4 spell: Summon Ice Beast
  3760 | D:4      | Noticed Pikel
  3783 | D:4      | Slain by a slave

Skill      XL: |  1  2  3  4  5  6  7 |
---------------+----------------------+-----
Summonings     | 5 |  5.7
Spellcasting   | 3 4 |  4.0
Fighting       | 1 |  1.5
Armour         | 1 2 |  2.2
Staves         | |  0.2
Slings         | |  0.4
Dodging        | |  2.6
Stealth        | |  2.3
Invocations    | |  0.4

Action                   |  1- 3 |  4- 6 |  7- 9 || total
-------------------------+-------+-------+-------++-------
Melee: Dagger            |    26 |       |       ||    26
       Unarmed           |     3 |       |       ||     3
       Club              |    38 |       |       ||    38
       Trident           |       |    62 |       ||    62
       Quarterstaff      |       |    50 |     5 ||    55
 Fire: Hunting sling     |       |     4 |     2 ||     6
 Cast: Summon Small Mamm |    17 |     2 |       ||    19
       Call Imp          |    12 |    26 |     5 ||    43
       Call Canine Famil |     6 |     3 |     2 ||    11
Invok: Depart the Abyss  |       |     1 |       ||     1
  Use: Scroll            |       |    13 |       ||    13
       Potion            |       |     1 |       ||     1
 Stab: Sleeping          |     2 |       |       ||     2
  Eat: Meat ration       |     1 |     2 |       ||     3
       Royal jelly       |       |     1 |       ||     1
Armor: Robe              |    12 |       |       ||    12
       Scale mail        |       |    51 |       ||    51
Dodge: Dodged            |    52 |    61 |     4 ||   117
